 Dungeon Crawl Stone Soup version 0.18-a0-1637-g109f206 (webtiles) character file.

2369 vliron the Vexing (level 9, -4/45 HPs)
             Began as a Vine Stalker Enchanter on Mar 26, 2016.
             Was a Follower of Sif Muna.
             Slain by a wolf (8 damage)
             ... on level 7 of the Dungeon on Mar 27, 2016.
             The game lasted 02:42:09 (7959 turns).

vliron the Vexing (Vine Stalker Enchanter)          Turns: 7959, Time: 02:42:09

Health: -4/45      AC:  6    Str: 14    XL:     9   Next: 44%
Magic:  0/14       EV: 15    Int: 15    God:    Sif Muna [*.....]
Gold:   179        SH:  0    Dex: 19    Spells: 5 memorised, 3 levels left

rFire  . . .     SeeInvis .     a - +0 dagger (venom)
rCold  . . .     Gourm    .     g - +1 leather armour {MR+}
rNeg   . . .     Faith    +     (no shield)
rPois  .         Spirit   +     Q - +0 helmet
rElec  .         Dismiss  .     (no cloak)
rCorr  .         Reflect  .     j - +0 pair of gloves
SustAt .         Harm     .     (no boots)
MR     ++...                    C - amulet of faith
Stlth  +++.......               (no ring)
                                N - +4 ring of dexterity

@: very resistant to hostile enchantments, fairly stealthy
A: fangs 3, regeneration 2, magic shield, antimagic bite, no device heal 3, rot
immunity
a: Channel Energy, Renounce Religion


You were on level 7 of the Dungeon.
You worshipped Sif Muna.
Sif Muna was aware of your devotion.
You were hungry.

You visited 2 branches of the dungeon, and saw 9 of its levels.

You collected 269 gold pieces.
You spent 90 gold pieces at shops.

Inventory:

Hand Weapons
 a - a +0 dagger of venom (weapon)
 b - a +0 greatsling
 h - a +1 dagger
 p - a +0 spear
 H - a cursed -2 dagger
 I - a +2 rapier of flaming
 K - a cursed -2 whip
Missiles
 f - 14 poisoned needles
 k - 10 sling bullets of flame
 r - 26 bolts
 B - 231 stones (quivered)
 G - 49 arrows
 J - 40 sling bullets
 P - a throwing net
 Y - 18 silver sling bullets
Armour
 g - a +1 leather armour of magic resistance (worn)
 j - a +0 pair of gloves (worn)
 q - a +3 chain mail of poison resistance
 u - a cursed +0 ring mail
 y - a +0 shield of reflection
 Q - a +0 helmet (worn)
Jewellery
 e - an uncursed amulet of the gourmand
 C - an amulet of faith (around neck)
 L - an uncursed amulet of harm {unknown}
 N - a +4 ring of dexterity (left hand)
Wands
 v - a wand of iceblast (7/15)
 D - a wand of confusion (33/48)
 M - a wand of polymorph (11/24)
 O - a wand of slowing (24/48)
 S - a wand of random effects (20/48)
Scrolls
 t - 4 scrolls of teleportation
 F - 2 scrolls of amnesia
 R - a scroll of recharging
 T - a scroll of acquirement {unknown}
Potions
 i - 4 potions of berserk rage {unknown}
 l - 2 potions of degeneration {unknown}
 m - 4 potions of might
 s - a potion of haste {unknown}
 w - a potion of ambrosia {unknown}
 x - 2 potions of lignification {unknown}
 z - 4 potions of heal wounds {unknown}
 A - a potion of curing
 E - a potion of resistance {unknown}
Books
 c - a book of Maledictions

   Spells                             Type                      Level
   a - Corona                         Hexes                        1
   b - Ensorcelled Hibernation        Hexes/Ice                    2
   c - Confuse                        Hexes                        3
   d - Tukima's Dance                 Hexes                        3
   e - Dazzling Spray                 Conjuration/Hexes            3
 o - a book of Debilitation

   Spells                             Type                      Level
   a - Corona                         Hexes                        1
   b - Slow                           Hexes                        2
   c - Gell's Gravitas                Hexes/Translocation          3
   d - Inner Flame                    Hexes/Fire                   3
   e - Cause Fear                     Hexes                        4
   f - Leda's Liquefaction            Hexes/Earth                  4
 U - a Grand Grimoire

   Spells                             Type                      Level
   a - Monstrous Menagerie            Summoning                    7
   b - Summon Greater Demon           Summoning                    7
   c - Malign Gateway                 Summoning/Translocation      7
   d - Summon Horrible Things         Summoning                    8
Comestibles
 d - 4 bread rations
 n - 6 fruits
 V - a beef jerky
 W - a meat ration
 X - 6 chunks of flesh


   Skills:
 - Level 4.0 Fighting
 - Level 3.0 Short Blades
 - Level 0.1 Polearms
 - Level 3.1 Slings
 - Level 5.1 Dodging
 + Level 5.0 Stealth
 - Level 0.1 Shields
 - Level 4.2 Unarmed Combat
 - Level 3.1 Spellcasting
 - Level 6.1 Hexes
 - Level 1.1 Invocations
 - Level 2.0 Evocations


You had 3 spell levels left.
You knew the following spells:

 Your Spells              Type           Power        Failure   Level  Hunger
a - Corona                Hex            ###....      2%          1    #......
b - Ensorcelled Hibernat  Hex/Ice        ##....       14%         2    ##.....
c - Confuse               Hex            ###.....     10%         3    ###....
d - Slow                  Hex            ###.....     3%          2    ##.....
e - Tukima's Dance        Hex            ###.....     10%         3    ###....


Dungeon Overview and Level Annotations

Branches:
Dungeon (8/15)             Temple (1/1) D:4            Lair (0/8) D:8

Altars:
Ashenzari
Cheibriados
Dithmenos
Elyvilon
Gozag
Kikubaaqudgha
Makhleb
Nemelex Xobeh
Okawaru
Pakellas
Qazlal
Ru
Sif Muna
Trog
Xom
Yredelemnul
Zin
The Shining One

Shops:
D:2 *   D:6 =}   D:8 (

Annotations:
D:7 namelastname112's ghost, novice DrMo


Innate Abilities, Weirdness & Mutations

You have razor-sharp teeth.
You heal very quickly.
When hurt, damage is shared between your health and your magic reserves.
Your bite disrupts and absorbs the magic of your enemies.
Potions and wands cannot restore your health.
You are immune to rotting.


Message History

The warg evaporates and reforms as a wolf!
Evoking this partially-identified wand wasted a few charges.
The wolf completely misses you.
You closely miss the wolf. Your bite misses the wolf.
The wolf is lightly wounded.
The wolf misses you.
You barely miss the wolf.
The wolf is lightly wounded.
The wolf bites you.
* * * LOW HITPOINT WARNING * * *
The wolf misses you.
You hit the wolf but do no damage.
The wolf is poisoned.
Your bite misses the wolf.
The wolf is lightly wounded.
The wolf barely misses you. The wolf bites you!
* * * LOW HITPOINT WARNING * * *
The wolf closely misses you. The wolf bites you!
You die...

##......# ##.......###
##..........####
#......####....#### ##......#
####....### ##......##
###......# ##.....###
##......##.... #......#
##.h.....# .. ##.....#
##..@.....## ... ###...#
##..........# %>.. ##..<.#
##...........#..... ###.....#
#...................
........###...................
........##[............#......
......)...............##(!...#
.......>.............## ....##
.........#..........## ....#


You could see a wolf.

Vanquished Creatures
  Joseph (D:7)
  2 wargs (D:7)
  A black bear (D:6)
  A phantom (D:6)
  2 sky beasts
  2 ogres
  2 giant frogs (D:6)
  2 scorpions (D:5)
  A howler monkey (D:5)
  2 crimson imps
  2 jellies
  A giant frog skeleton (D:7)
  4 hounds
  3 orc priests
  A gnoll shaman (D:4)
  5 orc wizards
  2 centaur skeletons
  Jessica (D:3)
  5 worker ants
  12 gnolls
  6 adders
  A shadow imp (D:8)
  An ooze (D:3)
  2 adder skeletons (D:4)
  4 worms
  A dart slug (D:1)
  2 giant geckos
  18 orcs
  13 bats
  2 giant cockroaches
  11 goblins
  9 hobgoblins
  9 jackals
  3 quokkas
  2 ball pythons
  A giant gecko zombie (D:6)
  4 giant newts
  5 kobolds
  A quokka skeleton (D:4)
  5 rats
152 creatures vanquished.

Notes
Turn   | Place    | Note
--------------------------------------------------------------
     0 | D:1      | vliron the Vine Stalker Enchanter began the quest for the Orb.
     0 | D:1      | Reached XP level 1. HP: 9/9 MP: 4/4
    11 | D:1      | Reached skill level 1 in Short Blades
   225 | D:1      | Reached XP level 2. HP: 13/13 MP: 4/6
   331 | D:1      | Learned a level 2 spell: Ensorcelled Hibernation
   505 | D:1      | Reached skill level 1 in Unarmed Combat
   606 | D:1      | Reached XP level 3. HP: 16/16 MP: 5/7
  1130 | D:2      | Reached XP level 4. HP: 21/21 MP: 8/8
  1221 | D:2      | Found a shimmering altar of Xom.
  1221 | D:2      | Found a shimmering altar of Xom.
  1442 | D:2      | Found an opulent altar of Gozag.
  1443 | D:2      | Found Gozag's Platinum Reserve.
  1489 | D:2      | Learned a level 3 spell: Confuse
  2334 | D:3      | Reached skill level 1 in Fighting
  2334 | D:3      | Reached XP level 5. HP: 18/25 MP: 7/9
  2390 | D:3      | Noticed Jessica
  2393 | D:3      | Killed Jessica
  2826 | D:3      | Found a deep blue altar of Sif Muna.
  2830 | D:3      | Became a worshipper of Sif Muna the Loreminder
  3434 | D:4      | Learned a level 2 spell: Slow
  3479 | D:4      | Gained mutation: You heal very quickly. [Vine Stalker growth]
  3479 | D:4      | Reached XP level 6. HP: 30/30 MP: 10/10
  3539 | D:4      | Found a staircase to the Ecumenical Temple.
  3742 | D:4      | Reached XP level 7. HP: 29/36 MP: 10/12
  3850 | D:4      | Learned a level 3 spell: Tukima's Dance
  3946 | D:4      | Found a shattered altar of Ashenzari.
  4592 | D:4      | Found a bloodstained altar of Trog.
  4639 | D:5      | Entered Level 5 of the Dungeon
  4825 | D:5      | Found a glowing golden altar of the Shining One.
  4832 | D:5      | Gained mutation: You have razor-sharp teeth. [Vine Stalker growth]
  4832 | D:5      | Reached XP level 8. HP: 40/40 MP: 13/13
  5074 | D:5      | Reached skill level 4 in Hexes
  5211 | D:5      | Reached * piety under Sif Muna
  5306 | D:5      | Reached skill level 5 in Hexes
  5306 | D:5      | Reached skill level 1 in Invocations
  5852 | Temple   | Entered the Ecumenical Temple
  6223 | D:6      | Found Zin's Purification Station.
  6223 | D:6      | Found a glowing silver altar of Zin.
  6262 | D:6      | Bought a potion of curing for 90 gold pieces
  6411 | D:6      | Found Caycw's Jewellery Emporium.
  6510 | D:6      | Reached skill level 6 in Hexes
  6604 | D:6      | Found an oddly glowing altar of Pakellas.
  6604 | D:6      | Found Pakellas's Prime Provisions.
  6720 | D:6      | Reached skill level 1 in Evocations
  6851 | D:6      | Reached XP level 9. HP: 21/45 MP: 5/14
  6998 | D:6      | Found a shadowy altar of Dithmenos.
  7218 | D:7      | Noticed namelastname112's ghost (novice DrMo)
  7328 | D:7      | Noticed Joseph
  7555 | D:7      | Killed Joseph
  7626 | D:8      | Found Sikhlu's Weapon Emporium.
  7626 | D:8      | Found a sparkling altar of Nemelex Xobeh.
  7626 | D:8      | Found a sparkling altar of Nemelex Xobeh.
  7628 | D:8      | Found a stormy altar of Qazlal.
  7656 | D:8      | Found a staircase to the Lair.
  7706 | D:7      | Reached skill level 5 in Dodging
  7809 | D:7      | Reached skill level 5 in Stealth
  7959 | D:7      | Slain by a wolf

Vault maps used:
D:1:      dpeg_arrival_boxorama
D:2:      xom_redecorated, nicolae_gozag_zags_fifth_avenue
D:3:      led_sif_book, dk_noncrumbling_3, uniq_jessica
D:4:      lemuel_doored_altar, nicolae_overflow_hidden_temple,
          minmay_temple_entry_trees, first_bread, st_stairs_9
D:5:      lemuel_round_altar
D:6:      corexii_shack_village, grunt_dithmenos_shadows, zin_purify,
          serial_shops, shop, johnstein_pakellas_shop
D:7:      gammafunk_temple_overflow_pools, basic_altar, uniq_joseph
D:8:      grunt_temple_overflow_open, erik_lair_orcish_takeover, basic_altar,
          serial_shops, shop, nicolae_shop_behind_doors, shop, shop, shop
Temple:   temple_island_7

Skill      XL: |  1  2  3  4  5  6  7  8  9 |
---------------+----------------------------+-----
Short Blades   | 1 2 3 |  3.0
Stealth        | 4 5 |  5.0
Unarmed Combat | 1 2 3 4 |  4.2
Dodging        | 2 3 5 |  5.1
Fighting       | 1 2 3 4 |  4.0
Spellcasting   | 3 |  3.1
Slings         | 3 |  3.1
Hexes          | 6 |  6.1
Invocations    | 1 |  1.1
Evocations     | 1 2 |  2.0
Polearms       | |  0.1
Shields        | |  0.1

Action                   |  1- 3 |  4- 6 |  7- 9 || total
-------------------------+-------+-------+-------++-------
Melee: Dagger            |   117 |   256 |   280 ||   653
 Fire: Greatsling        |       |     3 |    59 ||    62
Throw: Stone             |    10 |    28 |    47 ||    85
 Cast: Corona            |     3 |    19 |    42 ||    64
       Ensorcelled Hiber |       |     1 |       ||     1
       Confuse           |       |       |    11 ||    11
       Tukima's Dance    |       |       |     3 ||     3
       Slow              |       |       |     8 ||     8
Evoke: Wand              |       |       |     2 ||     2
  Use: Scroll            |     2 |     4 |     4 ||    10
 Stab: Sleeping          |     6 |     8 |     5 ||    19
       Confused          |       |       |     1 ||     1
  Eat: Chunk             |     1 |    23 |     1 ||    25
       Meat ration       |       |       |     1 ||     1
       Pizza             |       |       |     1 ||     1
